| TOP OF THE 1ST |
|
Harrisburg Senators batting - Pitching for Jacksonville Suns : RHP Carlos Guerrero
|
|
Pitching: RHP Carlos Guerrero
|
|
|
Batting: RHB Ryan Hiemer
|
0-0: Swinging Strike 0-1: Ball 1-1: Foul Ball, location: 2F 1-2: DOUBLE (Line Drive, 3D, EV 98.8 MPH)
|
|
Batting: RHB Er Le
|
0-0: Called Strike 0-1: Called Strike 0-2: Ball 1-2: Foul Ball, location: 2F 1-2: SINGLE (Groundball, 5S, EV 76.9 MPH) (infield hit) Ryan Hiemer to third
|
|
Batting: LHB Doug Anderson
|
0-0: Fly out, F7 (Flyball, 7D, EV 97.5 MPH)
|
|
Batting: RHB Pat Barton
|
0-0: Ball 1-0: Foul Ball, location: 2F 1-1: TRIPLE (Flyball, 89XD, EV 110.0 MPH) Ryan Hiemer scores Er Le scores
|
|
Batting: LHB Chance McWilliams
|
0-0: Fly out, F8 (Flyball, 8RD, EV 87.5 MPH) Runner from 3rd tags up, SCORES, throw by CF
|
|
Batting: RHB Pat Scaturro
|
0-0: Ball 1-0: Ball 2-0: SINGLE (Groundball, 56D, EV 96.2 MPH)
|
|
Batting: RHB Bobby Bricker
|
0-0: Ball 1-0: Called Strike 1-1: Ball 2-1: Ground out 5-3 (Groundball, 56S, EV 76.9 MPH)
|
| Top of the 1st over - 3 runs, 4 hits, 0 errors, 1 left on base; Harrisburg 3 - Jacksonville 0 |
| BOTTOM OF THE 1ST |
|
Jacksonville Suns batting - Pitching for Harrisburg Senators : RHP Jimmy Purscell
|
|
Pitching: RHP Jimmy Purscell
|
|
|
Batting: RHB Akira Suzuki
|
0-0: Ball 1-0: Called Strike 1-1: Called Strike 1-2: Strikes out swinging
|
|
Batting: RHB Rafael Irizarry
|
0-0: Called Strike 0-1: Ball 1-1: Hit by Pitch
|
|
Batting: RHB Jack Power
|
0-0: Called Strike Rafael Irizarry steals 2nd base 0-1: Ball 1-1: Swinging Strike 1-2: Ball 2-2: Ball 3-2: Base on Balls
|
|
Batting: RHB Reomel Somera
|
0-0: Ball Rafael Irizarry steals 3rd, throwing error, E2 Rafael Irizarry scores Jack Power to third 1-0: Ball 2-0: Fly out, F8 (Line Drive, 8LM, EV 93.1 MPH)
|
|
Batting: RHB Torquato Obawole
|
0-0: Hit by Pitch
|
|
Batting: LHB Orlando Rivera
|
0-0: Ball 1-0: Foul Ball, location: 2F 1-1: Foul Ball, location: 2F 1-2: Ball 2-2: Fly out, F8 (Flyball, 8LXD, EV 96.2 MPH)
|
| Bottom of the 1st over - 1 run, 0 hits, 1 error, 2 left on base; Harrisburg 3 - Jacksonville 1 |
| TOP OF THE 2ND |
|
Harrisburg Senators batting - Pitching for Jacksonville Suns : RHP Carlos Guerrero
|
|
Batting: RHB Antonio Vallez
|
0-0: Ball 1-0: Foul Ball, location: 2F 1-1: Foul Ball, location: 2F 1-2: Foul Ball, location: 2F 1-2: Strikes out looking
|
|
Batting: RHB Victor Cintron
|
0-0: Called Strike 0-1: Ground out 5-3 (Groundball, 56, EV 91.9 MPH)
|
|
Batting: RHB Ryan Hiemer
|
0-0: Ball 1-0: Ball 2-0: Ball 3-0: Called Strike 3-1: Base on Balls
|
|
Batting: RHB Er Le
|
0-0: SINGLE (Line Drive, 56D, EV 96.9 MPH) Ryan Hiemer to second
|
|
Batting: LHB Doug Anderson
|
0-0: Foul Ball, location: 2F 0-1: Ball 1-1: Ground out 4-3 (Groundball, 4S, EV 86.2 MPH)
|
| Top of the 2nd over - 0 runs, 1 hit, 0 errors, 2 left on base; Harrisburg 3 - Jacksonville 1 |
| BOTTOM OF THE 2ND |
|
Jacksonville Suns batting - Pitching for Harrisburg Senators : RHP Jimmy Purscell
|
|
Batting: LHB Matt McKeon
|
0-0: Swinging Strike 0-1: Fly out, F4 (Line Drive, 4MD, EV 65.6 MPH)
|
|
Batting: RHB Larry LeFever
|
0-0: Ball 1-0: Ball 2-0: Foul Ball, location: 2F 2-1: Fly out, F8 (Flyball, 8LM, EV 92.5 MPH)
|
|
Batting: RHB Chris Alft
|
0-0: Foul Ball, location: 2F 0-1: Ball 1-1: Foul Ball, location: 2F 1-2: Ball 2-2: Fly out, F9 (Flyball, 9, EV 89.4 MPH)
|
| Bottom of the 2nd over - 0 runs, 0 hits, 0 errors, 0 left on base; Harrisburg 3 - Jacksonville 1 |
| TOP OF THE 3RD |
|
Harrisburg Senators batting - Pitching for Jacksonville Suns : RHP Carlos Guerrero
|
|
Batting: RHB Pat Barton
|
0-0: Ground out 6-3 (Groundball, 6, EV 102.5 MPH)
|
|
Batting: LHB Chance McWilliams
|
0-0: Swinging Strike 0-1: Called Strike 0-2: Ball 1-2: Strikes out swinging
|
|
Batting: RHB Pat Scaturro
|
0-0: Ball 1-0: Called Strike 1-1: Ball 2-1: Ball 3-1: Foul Ball, location: 2F 3-2: Base on Balls
|
|
Batting: RHB Bobby Bricker
|
0-0: Ball 1-0: Ball 2-0: Fly out, F3 (Popup, 3S, EV 75.6 MPH)
|
| Top of the 3rd over - 0 runs, 0 hits, 0 errors, 1 left on base; Harrisburg 3 - Jacksonville 1 |
| BOTTOM OF THE 3RD |
|
Jacksonville Suns batting - Pitching for Harrisburg Senators : RHP Jimmy Purscell
|
|
Batting: RHB Akira Suzuki
|
0-0: Called Strike 0-1: Foul Ball, location: 2F 0-2: SINGLE (Groundball, 56D, EV 103.8 MPH)
|
|
Batting: RHB Rafael Irizarry
|
0-0: Fly out, F4 (Popup, 4MD, EV 71.2 MPH)
|
|
Batting: RHB Jack Power
|
0-0: Ball 1-0: Called Strike 1-1: Foul Ball, location: 2F 1-2: SINGLE (Line Drive, 8RS, EV 112.5 MPH) Akira Suzuki to second
|
|
Batting: RHB Reomel Somera
|
0-0: Swinging Strike 0-1: Foul Ball, location: 2F 0-2: Fly out, F9 (Flyball, 9, EV 84.4 MPH) Runner from 2nd tags up, SAFE at 3rd with throw by RF
|
|
Batting: RHB Torquato Obawole
|
0-0: Ball 1-0: Called Strike 1-1: Foul Ball, location: 2F 1-2: Ball 2-2: Ball 3-2: SINGLE (Groundball, 4D, EV 94.4 MPH) Akira Suzuki scores Jack Power to second Jack Power to third
|
|
Batting: LHB Orlando Rivera
|
0-0: Fielders Choice at 2nd, 5-4 (Groundball, 5, EV 89.4 MPH)
|
| Bottom of the 3rd over - 1 run, 3 hits, 0 errors, 2 left on base; Harrisburg 3 - Jacksonville 2 |
| TOP OF THE 4TH |
|
Harrisburg Senators batting - Pitching for Jacksonville Suns : RHP Carlos Guerrero
|
|
Batting: RHB Antonio Vallez
|
0-0: Called Strike 0-1: Ball 1-1: Swinging Strike 1-2: Foul Ball, location: 2F 1-2: Strikes out swinging
|
|
Batting: RHB Victor Cintron
|
0-0: Called Strike 0-1: Ground out 5-3 (Groundball, 56, EV 88.8 MPH)
|
|
Batting: RHB Ryan Hiemer
|
0-0: Ground out 5-3 (Groundball, 56, EV 89.4 MPH)
|
| Top of the 4th over - 0 runs, 0 hits, 0 errors, 0 left on base; Harrisburg 3 - Jacksonville 2 |
| BOTTOM OF THE 4TH |
|
Jacksonville Suns batting - Pitching for Harrisburg Senators : RHP Jimmy Purscell
|
|
Batting: LHB Matt McKeon
|
0-0: Ball 1-0: Foul Ball, location: 2F 1-1: SINGLE (Line Drive, 56D, EV 99.4 MPH)
|
|
Batting: RHB Larry LeFever
|
0-0: Foul Ball, location: 2F 0-1: Ball 1-1: Called Strike 1-2: Ball 2-2: Foul Ball, location: 2F 2-2: SINGLE (Flyball, 8RS, EV 96.9 MPH) Matt McKeon to second Runner from 2nd tries for 3rd, SAFE, throw by CF made to third
|
|
Batting: RHB Chris Alft
|
0-0: Ball 1-0: Called Strike Larry LeFever is caught stealing 2nd base 2-4 1-1: Called Strike 1-2: Ball 2-2: Ball 3-2: Foul Ball, location: 2F 3-2: Ground out 4-3 (Groundball, 4, EV 89.4 MPH) Matt McKeon scores
|
|
Batting: RHB Akira Suzuki
|
0-0: Ball 1-0: Called Strike 1-1: Foul Ball, location: 2F 1-2: Foul Ball, location: 2F 1-2: Ground out 5-3 (Groundball, 56S, EV 64.4 MPH)
|
| Bottom of the 4th over - 1 run, 2 hits, 0 errors, 0 left on base; Harrisburg 3 - Jacksonville 3 |
| TOP OF THE 5TH |
|
Harrisburg Senators batting - Pitching for Jacksonville Suns : RHP Carlos Guerrero
|
|
Batting: RHB Er Le
|
0-0: Swinging Strike 0-1: Foul Ball, location: 2F 0-2: Strikes out swinging
|
|
Batting: LHB Doug Anderson
|
0-0: Foul Ball, location: 2F 0-1: Swinging Strike 0-2: Ball 1-2: Ground out 5-3 (Groundball, 56, EV 88.1 MPH)
|
|
Batting: RHB Pat Barton
|
0-0: Called Strike 0-1: Foul Ball, location: 2F 0-2: Foul Ball, location: 2F 0-2: Foul Ball, location: 2F 0-2: Ball 1-2: Fly out, F4 (Popup, 4, EV 82.5 MPH)
|
| Top of the 5th over - 0 runs, 0 hits, 0 errors, 0 left on base; Harrisburg 3 - Jacksonville 3 |
| BOTTOM OF THE 5TH |
|
Jacksonville Suns batting - Pitching for Harrisburg Senators : RHP Jimmy Purscell
|
|
Batting: RHB Rafael Irizarry
|
0-0: Ball 1-0: Ball 2-0: Ball 3-0: Called Strike 3-1: Foul Ball, location: 2F 3-2: Strikes out swinging
|
|
Batting: RHB Jack Power
|
0-0: Ball 1-0: Swinging Strike 1-1: Foul Ball, location: 2F 1-2: SINGLE (Groundball, 6S, EV 96.2 MPH)
|
|
Batting: RHB Reomel Somera
|
0-0: Foul Ball, location: 2F 0-1: Ball 1-1: Called Strike 1-2: Foul Ball, location: 2F 1-2: Ball 2-2: Foul Ball, location: 2F 2-2: Foul Ball, location: 2F 2-2: Strikes out looking
|
|
Batting: RHB Torquato Obawole
|
0-0: Ball 1-0: Ball Jack Power is caught stealing 2nd base 2-4
|
| Bottom of the 5th over - 0 runs, 1 hit, 0 errors, 0 left on base; Harrisburg 3 - Jacksonville 3 |
| TOP OF THE 6TH |
|
Harrisburg Senators batting - Pitching for Jacksonville Suns : RHP Carlos Guerrero
|
|
Pitching: LHP Will Sledge
|
|
|
Batting: LHB Chance McWilliams
|
0-0: Called Strike 0-1: Ball 1-1: Ball 2-1: Swinging Strike 2-2: Ball 3-2: Strikes out swinging
|
|
Batting: RHB Pat Scaturro
|
0-0: Called Strike 0-1: Ball 1-1: Fly out, F7 (Flyball, 78S, EV 88.1 MPH)
|
|
Batting: RHB Bobby Bricker
|
0-0: Ball 1-0: Called Strike 1-1: Swinging Strike 1-2: Ball 2-2: Foul Ball, location: 2F 2-2: Strikes out looking
|
| Top of the 6th over - 0 runs, 0 hits, 0 errors, 0 left on base; Harrisburg 3 - Jacksonville 3 |
| BOTTOM OF THE 6TH |
|
Jacksonville Suns batting - Pitching for Harrisburg Senators : RHP Jimmy Purscell
|
|
Batting: RHB Torquato Obawole
|
0-0: Called Strike 0-1: Ball 1-1: Ball 2-1: Ball 3-1: SINGLE (Groundball, 56S, EV 66.2 MPH) (infield hit)
|
|
Pitching: LHP Johnny Busse
|
|
|
Batting: LHB Orlando Rivera
|
0-0: Ball 1-0: Foul Ball, location: 2F 1-1: Ball 2-1: Foul Ball, location: 2F 2-2: Strikes out looking
|
|
Batting: LHB Matt McKeon
|
0-0: Ball 1-0: Called Strike 1-1: Ball 2-1: Ball 3-1: Base on Balls Torquato Obawole to second
|
|
Batting: RHB Larry LeFever
|
0-0: Foul Ball, location: 2F 0-1: Ball 1-1: Foul Ball, location: 2F 1-2: Ball 2-2: Fielders Choice at 2nd, 6-4 (Groundball, 6, EV 82.5 MPH) Torquato Obawole to third
|
|
Batting: RHB Chris Alft
|
0-0: Ball 1-0: Fielders Choice at 2nd, 5-4 (Groundball, 56, EV 82.5 MPH)
|
| Bottom of the 6th over - 0 runs, 1 hit, 0 errors, 2 left on base; Harrisburg 3 - Jacksonville 3 |
| TOP OF THE 7TH |
|
Harrisburg Senators batting - Pitching for Jacksonville Suns : LHP Will Sledge
|
|
Pitching: RHP Earl Shepherd
|
|
|
Batting: RHB Antonio Vallez
|
0-0: Called Strike 0-1: Called Strike 0-2: Ball 1-2: Foul Ball, location: 2F 1-2: Ground out 4-3 (Groundball, 4, EV 79.4 MPH)
|
|
Batting: RHB Victor Cintron
|
0-0: Ball 1-0: Ball 2-0: Ball 3-0: Foul Ball, location: 2F 3-1: Base on Balls
|
|
Batting: RHB Ryan Hiemer
|
0-0: Ball Wild Pitch! Victor Cintron to second 1-0: Ground out 6-3 (Groundball, 6, EV 93.8 MPH)
|
|
Batting: RHB Er Le
|
0-0: Called Strike 0-1: Ball 1-1: Ball 2-1: Foul Ball, location: 2F 2-2: Foul Ball, location: 2F 2-2: Foul Ball, location: 2F 2-2: Strikes out swinging
|
| Top of the 7th over - 0 runs, 0 hits, 0 errors, 1 left on base; Harrisburg 3 - Jacksonville 3 |
| BOTTOM OF THE 7TH |
|
Jacksonville Suns batting - Pitching for Harrisburg Senators : LHP Johnny Busse
|
|
Pitching: RHP Todd Carbaugh
|
|
|
Batting: RHB Akira Suzuki
|
0-0: DOUBLE (Groundball, 5L, EV 105.0 MPH)
|
|
Batting: RHB Rafael Irizarry
|
0-0: Ball 1-0: SINGLE (Line Drive, 78S, EV 95.6 MPH) Akira Suzuki to third
|
|
Batting: RHB Jack Power
|
0-0: Called Strike 0-1: Ball Rafael Irizarry is caught stealing 2nd base 2-4 1-1: Called Strike 1-2: Fly out, F9 (Flyball, 9D, EV 79.4 MPH) Runner from 3rd tags up, SCORES, throw by RF
|
|
Batting: RHB Reomel Somera
|
0-0: Ball 1-0: Swinging Strike 1-1: Swinging Strike 1-2: Ball 2-2: Ball 3-2: Base on Balls
|
|
Batting: RHB Torquato Obawole
|
0-0: Ball 1-0: Fly out, F2 (Popup, 2LF, EV 90.0 MPH)
|
| Bottom of the 7th over - 1 run, 2 hits, 0 errors, 1 left on base; Harrisburg 3 - Jacksonville 4 |
| TOP OF THE 8TH |
|
Harrisburg Senators batting - Pitching for Jacksonville Suns : RHP Earl Shepherd
|
|
Pitching: RHP Alberto Negrete
|
|
|
Batting: LHB Doug Anderson
|
0-0: Called Strike 0-1: Swinging Strike 0-2: Foul Ball, location: 2F 0-2: Ball 1-2: Ball 2-2: SOLO HOME RUN (Line Drive, 89XD, EV 114.4 MPH), Distance : 424 ft
|
|
Batting: RHB Pat Barton
|
0-0: Ball 1-0: Ball 2-0: Foul Ball, location: 2F 2-1: Ball 3-1: Ground out 5-3 (Groundball, 56, EV 82.5 MPH)
|
|
Batting: LHB Chance McWilliams
|
0-0: Ball 1-0: Ball 2-0: Called Strike 2-1: Ground out 4-3 (Groundball, 34, EV 90.0 MPH)
|
|
Batting: RHB Pat Scaturro
|
0-0: Ball 1-0: Swinging Strike 1-1: Foul Ball, location: 2F 1-2: SINGLE (Groundball, 56D, EV 106.2 MPH)
|
|
Batting: RHB Bobby Bricker
|
0-0: Ball 1-0: Ball 2-0: Called Strike 2-1: Foul Ball, location: 2F 2-2: Ball 3-2: Ground out 6-3 (Groundball, 6, EV 79.4 MPH)
|
| Top of the 8th over - 1 run, 2 hits, 0 errors, 1 left on base; Harrisburg 4 - Jacksonville 4 |
| BOTTOM OF THE 8TH |
|
Jacksonville Suns batting - Pitching for Harrisburg Senators : RHP Todd Carbaugh
|
|
Pitching: RHP Jason Beck
|
|
|
Batting: LHB Orlando Rivera
|
0-0: Ground out U3 (Groundball, 23, EV 92.5 MPH)
|
|
Batting: LHB Matt McKeon
|
0-0: Ground out 5-3 (Groundball, 56, EV 101.2 MPH)
|
|
Batting: RHB Larry LeFever
|
0-0: Ground out 6-3 (Groundball, 6M, EV 89.4 MPH)
|
| Bottom of the 8th over - 0 runs, 0 hits, 0 errors, 0 left on base; Harrisburg 4 - Jacksonville 4 |
| TOP OF THE 9TH |
|
Harrisburg Senators batting - Pitching for Jacksonville Suns : RHP Alberto Negrete
|
|
Pitching: RHP Pat Proctor
|
|
|
Pinch Hitting: LHB Chris Williams
|
0-0: Ball 1-0: Called Strike 1-1: Swinging Strike 1-2: Strikes out swinging
|
|
Batting: RHB Victor Cintron
|
0-0: Ball 1-0: Foul Ball, location: 2F 1-1: Foul Ball, location: 2F 1-2: Ball 2-2: Ball 3-2: SINGLE (Groundball, 5S, EV 70.6 MPH) (infield hit)
|
|
Batting: RHB Ryan Hiemer
|
0-0: Foul Ball, location: 2F 0-1: Swinging Strike 0-2: Strikes out swinging
|
|
Batting: RHB Er Le
|
0-0: Called Strike 0-1: Ball 1-1: Called Strike 1-2: Ball 2-2: Foul Ball, location: 2F 2-2: Ball Victor Cintron is caught stealing 2nd base 2-4
|
| Top of the 9th over - 0 runs, 1 hit, 0 errors, 0 left on base; Harrisburg 4 - Jacksonville 4 |
| BOTTOM OF THE 9TH |
|
Jacksonville Suns batting - Pitching for Harrisburg Senators : RHP Jason Beck
|
|
Pitching: RHP Stacey Kerssies
|
|
|
Now at C: Curtis DeLille
|
|
|
Batting: RHB Chris Alft
|
0-0: Ball 1-0: Foul Ball, location: 2F 1-1: Called Strike 1-2: Ball 2-2: Strikes out looking
|
|
Batting: RHB Akira Suzuki
|
0-0: Called Strike 0-1: Ball 1-1: Foul Ball, location: 2F 1-2: Strikes out swinging
|
|
Batting: RHB Rafael Irizarry
|
0-0: Called Strike 0-1: Swinging Strike 0-2: Ball 1-2: Ground out 6-3 (Groundball, 6, EV 102.5 MPH)
|
| Bottom of the 9th over - 0 runs, 0 hits, 0 errors, 0 left on base; Harrisburg 4 - Jacksonville 4 |
| TOP OF THE 10TH |
|
Harrisburg Senators batting - Pitching for Jacksonville Suns : RHP Pat Proctor
|
|
Pitching: RHP Cory Levine
|
|
|
Batting: RHB Er Le
|
0-0: Called Strike 0-1: Ground out 6-3 (Groundball, 56D, EV 92.5 MPH)
|
|
Batting: LHB Doug Anderson
|
0-0: Swinging Strike 0-1: Ball 1-1: Ball 2-1: Ground out 6-3 (Groundball, 6, EV 86.2 MPH)
|
|
Batting: RHB Pat Barton
|
0-0: Fly out, F8 (Flyball, 8RD, EV 99.4 MPH)
|
| Top of the 10th over - 0 runs, 0 hits, 0 errors, 0 left on base; Harrisburg 4 - Jacksonville 4 |
| BOTTOM OF THE 10TH |
|
Jacksonville Suns batting - Pitching for Harrisburg Senators : RHP Stacey Kerssies
|
|
Batting: RHB Jack Power
|
0-0: Foul Ball, location: 2F 0-1: Called Strike 0-2: Ball 1-2: Ball 2-2: Ground out 2-3 (Groundball, 13S, EV 62.5 MPH)
|
|
Batting: RHB Reomel Somera
|
0-0: Called Strike 0-1: Foul Ball, location: 2F 0-2: Strikes out swinging
|
|
Batting: RHB Torquato Obawole
|
0-0: Ball 1-0: Called Strike 1-1: Ground out 5-3 (Groundball, 56, EV 92.5 MPH)
|
| Bottom of the 10th over - 0 runs, 0 hits, 0 errors, 0 left on base; Harrisburg 4 - Jacksonville 4 |
| TOP OF THE 11TH |
|
Harrisburg Senators batting - Pitching for Jacksonville Suns : RHP Cory Levine
|
|
Batting: LHB Chance McWilliams
|
0-0: Ball 1-0: Swinging Strike 1-1: Foul Ball, location: 2F 1-2: Foul Ball, location: 2F 1-2: Strikes out swinging
|
|
Batting: RHB Pat Scaturro
|
0-0: Called Strike 0-1: Ball 1-1: Swinging Strike 1-2: Foul Ball, location: 2F 1-2: Ball 2-2: Foul Ball, location: 2F 2-2: Ball 3-2: Ground out U3 (Groundball, 34S, EV 93.1 MPH)
|
|
Batting: RHB Bobby Bricker
|
0-0: Foul Ball, location: 2F 0-1: Swinging Strike 0-2: Strikes out swinging
|
| Top of the 11th over - 0 runs, 0 hits, 0 errors, 0 left on base; Harrisburg 4 - Jacksonville 4 |
| BOTTOM OF THE 11TH |
|
Jacksonville Suns batting - Pitching for Harrisburg Senators : RHP Stacey Kerssies
|
|
Batting: LHB Orlando Rivera
|
0-0: Ground out 1-3 (Groundball, 25, EV 61.2 MPH)
|
|
Batting: LHB Matt McKeon
|
0-0: Called Strike 0-1: Ball 1-1: Ball 2-1: Ball 3-1: Base on Balls
|
|
Batting: RHB Larry LeFever
|
0-0: Called Strike Matt McKeon steals 2nd base 0-1: Called Strike 0-2: Ball 1-2: Ground out 6-3 (Groundball, 6, EV 82.5 MPH) Matt McKeon to third
|
|
Pitching: RHP Matt Seivert
|
|
|
Batting: RHB Chris Alft
|
0-0: Swinging Strike 0-1: Ball 1-1: Fly out, F8 (Flyball, 8LXD, EV 102.5 MPH)
|
| Bottom of the 11th over - 0 runs, 0 hits, 0 errors, 1 left on base; Harrisburg 4 - Jacksonville 4 |
| TOP OF THE 12TH |
|
Harrisburg Senators batting - Pitching for Jacksonville Suns : RHP Cory Levine
|
|
Pitching: RHP Mike Yorke
|
|
|
Batting: SHB Curtis DeLille
|
0-0: Ball 1-0: Ball 2-0: Ball 3-0: Foul Ball, location: 2F 3-1: Base on Balls
|
|
Batting: RHB Victor Cintron
|
0-0: Ball 1-0: Sac Bunt to 5S - play at first, batter OUT! 5-3 Curtis DeLille to second
|
|
Batting: RHB Ryan Hiemer
|
0-0: Fly out, F7 (Line Drive, 7LD, EV 93.1 MPH)
|
|
Batting: RHB Er Le
|
0-0: Swinging Strike 0-1: Ball 1-1: Ball 2-1: Ball 3-1: Called Strike 3-2: Base on Balls
|
|
Batting: LHB Doug Anderson
|
0-0: Called Strike 0-1: Ball 1-1: Foul Ball, location: 2F 1-2: SINGLE (Line Drive, 89S, EV 110.6 MPH) Curtis DeLille to third Er Le to second Runner from 3rd tries for Home, SAFE, throw by CF to home
|
|
Pitching: RHP Dan Durand
|
|
|
Batting: RHB Pat Barton
|
0-0: Ball 1-0: Called Strike 1-1: Ball 2-1: Called Strike 2-2: Foul Ball, location: 2F 2-2: Strikes out swinging
|
| Top of the 12th over - 1 run, 1 hit, 0 errors, 2 left on base; Harrisburg 5 - Jacksonville 4 |
| BOTTOM OF THE 12TH |
|
Jacksonville Suns batting - Pitching for Harrisburg Senators : RHP Matt Seivert
|
|
Batting: RHB Akira Suzuki
|
0-0: Ball 1-0: Fly out, F9 (Flyball, 89D, EV 73.8 MPH)
|
|
Batting: RHB Rafael Irizarry
|
0-0: Called Strike 0-1: SINGLE (Flyball, 89S, EV 92.5 MPH)
|
|
Batting: RHB Jack Power
|
0-0: Called Strike Rafael Irizarry steals 2nd base (no throw) 0-1: Ball 1-1: Ball 2-1: Swinging Strike 2-2: Ground out 4-3 (Groundball, 4S, EV 79.4 MPH) Rafael Irizarry to third
|
|
Batting: RHB Reomel Somera
|
0-0: Called Strike 0-1: Ball 1-1: Ball 2-1: Ball 3-1: Fly out, F8 (Line Drive, 8RM, EV 95.6 MPH)
|
| Bottom of the 12th over - 0 runs, 1 hit, 0 errors, 1 left on base; Harrisburg 5 - Jacksonville 4 |
|